 Dungeon Crawl Stone Soup version 0.31-a0-204-g7da18cac08 (webtiles) character file.

Game seed: 8543491982841679028

35 AlmostDecent the Chopper (level 3, -5/30 HPs)
             Began as a Vine Stalker Berserker on June 28, 2023.
             Was a Follower of Trog.
             Slain by a gnoll
             ... wielding a +0 whip
              (8 damage)
             ... on level 2 of the Dungeon.
             The game lasted 00:03:07 (627 turns).

AlmostDecent the Chopper (Vine Stalker Berserker)    Turns: 627, Time: 00:03:08

Health: -5/30      AC:  3    Str: 21    XL:     3   Next: 35%
Magic:  0/4        EV: 12    Int:  7    God:    Trog [*.....]
Gold:   3          SH:  0    Dex: 13    Spells: 2/2 levels left

rFire   . . .        a - +0 hand axe
rCold   . . .        (no shield)
rNeg    . . .        b - +0 animal skin
rPois   .            g - +0 helmet
rElec   .            (no cloak)
rCorr   .            (no gloves)
SInv    .            (no boots)
Will    .....        (no amulet) Stlth
                     (no ring)
HPRegen 0.25/turn    (no ring)
MPRegen 0.09/turn

%: guardian spirit
@: berserking, very quick
A: fangs 2, magic shield, antimagic bite, no potion heal 2
a: Renounce Religion, Berserk


You were on level 2 of the Dungeon.
You worshipped Trog.
Trog was aware of your devotion.
You visited 1 branch of the dungeon, and saw 2 of its levels.

You collected 45 gold pieces.
You spent 42 gold pieces at shops.

Inventory:

Hand Weapons
 a - a +0 hand axe (weapon)
Armour
 b - a +0 animal skin (worn)
 g - a +0 helmet (worn)
Scrolls
 d - a scroll of poison {unknown}
 e - a scroll of fog {unknown}
Potions
 c - a potion of might {unknown}
 f - 2 potions of heal wounds {unknown}
 h - a potion of curing


   Skills:
 + Level 3.1 Fighting
 * Level 3.4 Axes
 - Level 1.6 Armour
 - Level 1.7 Dodging


You had 2 spell levels left.
You didn't know any spells.
Your spell library was empty.

Dungeon Overview and Level Annotations

Branches:
Dungeon (2/15)

Altars:

Shops:
D:1 !


Innate Abilities, Weirdness & Mutations

You have extremely sharp teeth.
When hurt, damage is shared between your health and your magic reserves.
Your bite disrupts and absorbs the magic of your enemies.
Potions cannot restore your health.


Message History

You slide downwards.
The hatch slams shut behind you.
Found 6 boomerangs.
A gnoll and a worm come into view.
Found a short sword.
The gnoll shouts!
You hear a shout!
A gnoll comes into view. It is wielding a +0 spear.
A gnoll comes into view. It is wielding a +0 whip.
Found a stone staircase leading up.
The gnoll shouts!
The gnoll moves out of view.
A gnoll comes into view. It is wielding a +0 whip.
Found a stone staircase leading down.
The gnoll closely misses you. The gnoll hits you with a +0 halberd!
A red film seems to cover your vision as you go berserk!
You feel yourself moving faster!
You feel mighty! The gnoll hits you with a +0 halberd.
You slash the gnoll!
You kill the gnoll!
Trog accepts your kill.
A dart slug comes into view.
The gnoll misses you.
You see here a +0 halberd.
You are too injured to fight recklessly!
You are too injured to fight recklessly!
You are too injured to fight recklessly!
You are too injured to fight recklessly!
You are too injured to fight recklessly!
You hit the worm.
The worm is moderately wounded.
The worm bites you!
* * * LOW HITPOINT WARNING * * *
The gnoll hits you but does no damage.
You slash the worm!
The worm is severely wounded.
You hit the gnoll.
The gnoll hits you from afar with a +0 spear.
* * * LOW HITPOINT WARNING * * *
The gnoll hits you with a +0 whip!
You die...

#.............#
.............)#
............w.##
................
..<...........>
.............
#.gg..(....
####g........
###..@w.#######
#######...#####
........###
#########


You could see a worm, 3 gnolls and a dart slug.

Vanquished Creatures
  A gnoll (D:2)
  A dart slug (D:1)
  2 endoplasms (D:1)
  4 giant cockroaches (D:1)
  2 hobgoblins (D:1)
  2 quokkas (D:1)
  3 ball pythons (D:1)
  2 bats (D:1)
  A frilled lizard (D:1)
  A goblin (D:1)
  3 kobolds (D:1)
  2 rats (D:1)
24 creatures vanquished.

Notes
Turn   | Place    | Note
-------+----------+-------------------------------------------
     0 | D:1      | AlmostDecent the Vine Stalker Berserker began the quest for
                  | the Orb.
     0 | D:1      | Reached XP level 1. HP: 11/11 MP: 2/2
    78 | D:1      | Reached XP level 2. HP: 16/16 MP: 3/3
   354 | D:1      | Found a faded altar of an unknown god.
   496 | D:1      | Found Xagety's Distillery.
   500 | D:1      | Reached XP level 3. HP: 19/20 MP: 4/4
   514 | D:1      | Bought a potion of curing for 42 gold pieces
   627 | D:2      | Slain by a gnoll

Illustrated notes

Levels and vault maps discovered:
D:1:      dpeg_arrival_tiny_g, layout_basic, serial_shops, shop,
          shapermc_ecumenical_altar_rom_forum
D:2:      layout_rooms, basic_altar

Skill      XL: |  1  2 |
---------------+-------+-----
Axes           | 3 |  3.4
Fighting       | 3 |  3.1
Armour         | |  1.6
Dodging        | |  1.7

Action                     || total
---------------------------++-------
  Melee: Hand axe          ||    54
         Punch             ||     1
         Bite              ||     8
 Invoke: Berserk           ||     2
 Armour: Animal skin       ||    11
  Dodge: Dodged            ||    37

Table legend: (Time is in decaauts)
 A = Elapsed time spent in this place.
 B = Non-inter-level travel time spent in this place.
 C = Inter-level travel time spent in this place.
 D = Time resting spent in this place.
 E = Time spent auto-exploring this place.
 F = Levels seen in this place.
 G = Mean time per level.
                   A        B        C        D        E       F      G
               +--------+--------+--------+--------+--------+-----+--------+
         Total |    645 |    610 |     35 |     43 |    392 |   2 |  322.5 |
       Dungeon |    645 |    610 |     35 |     43 |    392 |   2 |  322.5 |
               +--------+--------+--------+--------+--------+-----+--------+

Top non-repeatable levels by time:
     D:1: 627 daAuts
     D:2: 18 daAuts
